[Event "Late Titled Tuesday Blitz February 8 2022"]
[White "Morris-Suzuki, Sophie"]
[Black "Roman, Rodrigo"]
[WhiteFideId "30922615"]
[BlackFideId "3701220"]
[WhiteElo "2436"]
[BlackElo "2001"]
[Result "1-0"]
[Round "07"]
[TimeControl "180+1"]
[Date "2022.02.09"]
[WhiteClock "0:00:11"]
[BlackClock "0:00:41"]

1. d4 Nf6 2. c4 e6 3. Nc3 Bb4 4. e3 c5 5. Bd3 Bxc3+ 6. bxc3 d6 7. e4 e5 8. Ne2 Nc6 9. O-O h6 10. f4 exd4 11. cxd4 cxd4 12. h3 O-O 13. Bb2 Qb6 14. Rb1 Qc5 15. Ba1 a6 16. Kh1 Re8 17. e5 dxe5 18. fxe5 Rxe5 19. Nxd4 Bxh3 20. gxh3 Rh5 21. Rf3 Rd8 22. Nxc6 Qxc6 23. Qf1 Rxh3+ 24. Qxh3 Rxd3 25. Rf1 Ne4 26. Qg2 Ng5 27. Rxd3 Qxc4 28. Rd8+ Kh7 29. Bb2 Qh4+ 30. Kg1 Qb4 31. Rd4 Qb6 32. Kh1 Qe6 33. Qc2+ g6 34. Qg2 Qb6 35. Rdf4 f5 36. R4f2 Ne4 37. Rf3 Qd8 38. Rh3 Qd7 39. Bc1 h5 40. Qf3 b5 41. Rg1 Qe6 42. Rxh5+ Kg7 43. Rh4 Nf6 44. Bb2 Kf7 45. Bxf6 Qxf6 46. Qh3 Qc6+ 47. Qg2 Qf6 48. Rh7+ Kg8 49. Qxg6+ Qxg6 50. Rxg6+ Kxh7 51. Rxa6 f4 52. Rf6 Kg7 53. Rxf4 Kg6 54. Rb4 Kf5 55. Rxb5+ Ke6 56. a4 Kd7 57. a5 Kc6 58. Rb1 Kc7 59. a6 Kc6 60. a7 Kd6 61. a8=Q Ke5 62. Qd8 Kf5 63. Re1 Kg6 64. Qf8 Kh5 65. Rg1 Kh4 66. Qh6# 1-0


[Site "https://www.chess.com"]

[Event "Late Titled Tuesday Blitz February 8 2022"]
[White "Musovic, Armin"]
[Black "Moore, Nicholas"]
[WhiteFideId "939935"]
[BlackFideId "4303709"]
[WhiteElo "2250"]
[BlackElo "2307"]
[Result "0-1"]
[Round "07"]
[TimeControl "180+1"]
[Date "2022.02.09"]
[WhiteClock "0:02:14"]
[BlackClock "0:02:09"]

1. a3 d5 2. Nc3 Nf6 3. d3 e5 4. Bg5 Nc6 5. Bxf6 gxf6 6. e4 d4 7. Nce2 f5 8. exf5 Bxf5 9. Ng3 Be6 10. Qh5 Qd7 11. h3 O-O-O 12. Nf3 f6 13. Be2 Kb8 14. Nh4 Ne7 15. Ne4 Nd5 16. Bg4 Nf4 17. g3 Nxh5 0-1


[Site "https://www.chess.com"]

[Event "Late Titled Tuesday Blitz February 8 2022"]
[White "Myers, Dominique"]
[Black "Petersson, Kjell"]
[WhiteFideId "2041715"]
[BlackFideId "1705148"]
[WhiteElo "1986"]
[BlackElo "2009"]
[Result "0-1"]
[Round "07"]
[TimeControl "180+1"]
[Date "2022.02.09"]
[WhiteClock "0:01:25"]
[BlackClock "0:00:38"]

1. d4 f5 2. c4 Nf6 3. Nc3 e6 4. Nf3 Bb4 5. g3 Bxc3+ 6. bxc3 O-O 7. Bg2 d6 8. O-O c5 9. Ba3 Qc7 10. Nd2 Nbd7 11. e4 Rb8 12. exf5 exf5 13. Qa4 Nb6 14. Qb3 Be6 15. Rfe1 Bf7 16. d5 Rbe8 17. Qc2 Bg6 18. f4 Ng4 19. Nf3 Ne3 20. Rxe3 Rxe3 21. Ng5 Rfe8 22. Ne6 Qf7 23. Qb3 Qf6 24. Bb2 Bf7 25. Qb5 Qe7 26. a4 Bxe6 27. dxe6 Qxe6 28. a5 Re1+ 29. Rxe1 Qxe1+ 30. Bf1 Qe3+ 31. Kh1 Qf3+ 32. Kg1 Re1 33. Qe8+ Rxe8 34. Bc1 Re1 35. Bd2 Qxf1# 0-1


[Site "https://www.chess.com"]

[Event "Late Titled Tuesday Blitz February 8 2022"]
[White "Nepomniachtchi, Ian"]
[Black "Svane, Rasmus"]
[WhiteFideId "4168119"]
[BlackFideId "4657101"]
[WhiteElo "2740"]
[BlackElo "2645"]
[Result "1-0"]
[Round "07"]
[TimeControl "180+1"]
[Date "2022.02.08"]
[WhiteClock "0:02:02"]
[BlackClock "0:01:27"]

1. e4 c6 2. Nf3 d5 3. Nc3 dxe4 4. Nxe4 Nf6 5. Qe2 Nxe4 6. Qxe4 Qa5 7. Bc4 Bf5 8. Qf4 e6 9. O-O Be7 10. b3 Bf6 11. c3 O-O 12. a4 Nd7 13. Ba3 Rfe8 14. Bb4 Qd8 15. d4 Nb6 16. Rfe1 Nd5 17. Bxd5 cxd5 18. a5 Rc8 19. Ne5 Be7 20. Bxe7 Rxe7 21. Re3 Rec7 22. Qg3 f6 23. Ng4 Kf7 24. h3 Rc6 25. Qf3 Qc7 26. c4 dxc4 27. d5 exd5 28. Qxf5 1-0


[Site "https://www.chess.com"]

[Event "Late Titled Tuesday Blitz February 8 2022"]
[White "Niemann, Hans Moke"]
[Black "Moroni, Luca Jr"]
[WhiteFideId "2093596"]
[BlackFideId "865834"]
[WhiteElo "2636"]
[BlackElo "2573"]
[Result "0-1"]
[Round "07"]
[TimeControl "180+1"]
[Date "2022.02.08"]
[WhiteClock "0:00:18"]
[BlackClock "0:00:05"]

1. d4 d6 2. Nc3 e5 3. f3 exd4 4. Qxd4 Nc6 5. Qf2 g6 6. e4 Bg7 7. Bc4 Be6 8. Bb3 Bxb3 9. axb3 Nge7 10. h4 h5 11. Nh3 Qd7 12. Be3 a6 13. O-O O-O 14. Rad1 Rae8 15. Ng5 Ne5 16. Qd2 Rd8 17. Bd4 N7c6 18. Bf2 Ne7 19. Ne2 f6 20. f4 fxg5 21. fxe5 Bxe5 22. Qxg5 Qe6 23. Bd4 Rxf1+ 24. Rxf1 Rf8 25. Bxe5 Rxf1+ 26. Kxf1 Qxe5 27. Qxe5 dxe5 28. Nc1 b6 29. Nd3 Nc6 30. Kf2 Kf7 31. c3 Kf6 32. g4 hxg4 33. Kg3 Na5 34. Nc1 Nb7 35. Nd3 Na5 36. Nb4 Nxb3 37. Nd5+ Kg7 38. Nxc7 Nc5 39. Kxg4 a5 40. Kf3 Na4 41. Nd5 Nxb2 42. Nxb6 a4 43. Nd5 Nd1 44. c4 a3 45. Nb4 Nc3 46. c5 Kf6 47. Ke3 a2 48. Nc2 Na4 49. c6 Ke6 50. Kd3 Nc5+ 51. Kc4 Nxe4 52. Kb5 Nd6+ 53. Kc5 e4 54. Kd4 Kf5 55. Kd5 Nc8 56. c7 Kf4 57. Kd4 e3 58. Kd3 Kf3 59. Kc3 e2 60. Kb2 Kg3 61. Kxa2 Kxh4 62. Kb3 Kg3 63. Kc3 Kf2 64. Kd2 g5 65. Ne1 g4 66. Nd3+ Kf1 67. Ke3 g3 0-1


[Site "https://www.chess.com"]

[Event "Late Titled Tuesday Blitz February 8 2022"]
[White "Nikologorsky, Matfei"]
[Black "Djokic, Mihailo"]
[WhiteFideId "24102474"]
[BlackFideId "976440"]
[WhiteElo "2231"]
[BlackElo "2008"]
[Result "0-1"]
[Round "07"]
[TimeControl "180+1"]
[Date "2022.02.09"]
[WhiteClock "0:00:07"]
[BlackClock "0:02:00"]

1. e4 c5 2. Nf3 d6 3. d4 cxd4 4. Nxd4 Nf6 5. Nc3 g6 6. Be3 Bg7 7. f3 O-O 8. Qd2 Nc6 9. O-O-O Bd7 10. Kb1 Rc8 11. g4 Ne5 12. h4 Qa5 13. h5 Nxf3 14. Nxf3 Rxc3 15. Qxc3 Qxc3 16. bxc3 Bxg4 17. Bg2 Nxe4 18. Bd4 e5 19. Rhe1 f5 20. hxg6 hxg6 21. Kb2 exd4 22. cxd4 Rc8 23. Rd3 a6 24. Kb3 b5 25. Nh2 Bh5 26. Bxe4 fxe4 27. Rxe4 g5 28. d5 Bg6 29. Re7 Bxd3 30. cxd3 Rc3+ 31. Kb4 Rxd3 32. Ng4 Rd4+ 33. Ka5 Rxg4 34. Kb6 Rc4 35. Rd7 Be5 36. Kxa6 b4 37. Kb5 Rc5+ 38. Kxb4 Rxd5 39. a4 g4 40. a5 g3 41. a6 Bd4 42. Kc4 g2 43. Kxd5 g1=Q 44. a7 Bxa7 45. Kxd6 Qc5+ 46. Ke6 Qc6+ 47. Rd6 Qe4+ 48. Kd7 Bc5 49. Re6 Qd5+ 50. Kc7 Qxe6 51. Kd8 Qd6+ 52. Kc8 Qe7 53. Kb8 Bb6 54. Ka8 Qa7# 0-1


[Site "https://www.chess.com"]

[Event "Late Titled Tuesday Blitz February 8 2022"]
[White "Noboa Silva, Kevin"]
[Black "Shahade, Gregory"]
[WhiteFideId "3618471"]
[BlackFideId "2009064"]
[WhiteElo "2161"]
[BlackElo "2664"]
[Result "0-1"]
[Round "07"]
[TimeControl "180+1"]
[Date "2022.02.09"]
[WhiteClock "0:00:02"]
[BlackClock "0:00:13"]

1. d4 Nf6 2. c4 g6 3. Nc3 d5 4. Nf3 Bg7 5. Bf4 c5 6. dxc5 Qa5 7. cxd5 Nxd5 8. Qxd5 Bxc3+ 9. Bd2 Bxd2+ 10. Qxd2 Qxc5 11. Rc1 Qf5 12. Nd4 Qd7 13. e3 O-O 14. Bb5 Qd5 15. O-O e5 16. Bc4 Qd8 17. Nf3 Qxd2 18. Nxd2 Nc6 19. Ne4 Rd8 20. Rfd1 Kg7 21. Rxd8 Nxd8 22. Bb3 Be6 23. Bxe6 Nxe6 24. Nd6 Rd8 25. Nxb7 Rb8 26. Nd6 Rxb2 27. a4 Ra2 28. Nc4 f6 29. a5 Ra4 30. g3 h5 31. h4 g5 32. hxg5 Nxg5 33. Kg2 e4 34. Kf1 Kg6 35. Ke1 Nf3+ 36. Kf1 Rxc4 37. Rxc4 Nd2+ 38. Ke2 Nxc4 39. a6 Kf5 40. Kd1 Kg4 41. Kc2 Kf3 42. Kc3 Ne5 43. Kd4 Nd3 44. Kd5 Nxf2 45. Kc6 Kxg3 46. Kb7 h4 47. Kxa7 h3 48. Kb6 h2 49. a7 h1=Q 50. a8=Q Qb1+ 51. Kc7 Qc2+ 52. Kd6 Qd3+ 53. Ke7 Qxe3 54. Kxf6 Qf4+ 55. Ke6 e3 56. Qa3 Qf3 57. Qd6+ Kg2 58. Qd8 e2 59. Qg8+ Kf1 60. Kd6 e1=Q 61. Qc4+ Qee2 62. Qc1+ Qd1+ 63. Ke5 Qxc1 64. Kd4 Qe1 65. Kc4 Qc1+ 66. Kd4 Qcd1+ 67. Kc4 Qfd3+ 68. Kb4 Q3b3+ 69. Ka5 Qa1# 0-1


[Site "https://www.chess.com"]

[Event "Late Titled Tuesday Blitz February 8 2022"]
[White "Novikov, Evgenij"]
[Black "Khripachenko, Alexander"]
[WhiteFideId "4125380"]
[BlackFideId "54184975"]
[WhiteElo "2242"]
[BlackElo "2177"]
[Result "1-0"]
[Round "07"]
[TimeControl "180+1"]
[Date "2022.02.09"]
[WhiteClock "0:01:20"]
[BlackClock "0:01:42"]

1. d4 Nf6 2. c4 g6 3. Nc3 d5 4. Nf3 Bg7 5. Bg5 dxc4 6. e3 Be6 7. Nd2 Nd5 8. Bxc4 Nxc3 9. bxc3 Bxc4 10. Nxc4 Qd5 11. Qf3 Qxd4 12. exd4 1-0


[Site "https://www.chess.com"]

[Event "Late Titled Tuesday Blitz February 8 2022"]
[White "Novikova, Galina"]
[Black "Calcada, Lucas Galvan"]
[WhiteFideId "4157095"]
[BlackFideId "22746099"]
[WhiteElo "1863"]
[BlackElo "1402"]
[Result "0-1"]
[Round "07"]
[TimeControl "180+1"]
[Date "2022.02.09"]
[WhiteClock "0:00:01"]
[BlackClock "0:00:30"]

1. e4 c5 2. Nf3 d6 3. d4 cxd4 4. Nxd4 Nf6 5. Nc3 a6 6. h3 e6 7. g4 Qc7 8. Bg2 h6 9. Be3 Nbd7 10. f4 Rb8 11. g5 hxg5 12. fxg5 Nh5 13. g6 Ne5 14. gxf7+ Qxf7 15. Nf3 Nc4 16. Bc1 Nf4 17. O-O Nxg2 18. Kxg2 Qg6+ 19. Kh2 e5 20. Ng5 Be7 21. Rg1 Bxg5 22. Rxg5 Rxh3+ 23. Kg2 Qh6 24. Qg1 Qh4 25. Rxg7 Bg4 26. Rg8+ Kd7 27. Rxb8 Bf3+ 28. Kf1 Rh1 29. Rxb7+ Kc6 30. Rg7 Rxg1+ 31. Rxg1 Qh3+ 32. Kf2 Qh2+ 33. Kf1 a5 34. a3 a4 35. Bg5 Nxb2 36. Re1 Nc4 0-1


[Site "https://www.chess.com"]

[Event "Late Titled Tuesday Blitz February 8 2022"]
[White "Okike, David"]
[Black "Einarsson, Halldor Gretar"]
[WhiteFideId "8500134"]
[BlackFideId "2300150"]
[WhiteElo "2232"]
[BlackElo "2114"]
[Result "1-0"]
[Round "07"]
[TimeControl "180+1"]
[Date "2022.02.09"]
[WhiteClock "0:01:01"]
[BlackClock "0:00:11"]

1. e4 e5 2. Nf3 Nc6 3. Bb5 Nf6 4. d3 Bc5 5. c3 d6 6. O-O O-O 7. h3 h6 8. Re1 a6 9. Ba4 b5 10. Bc2 Bb6 11. a4 Be6 12. Be3 Bxe3 13. Rxe3 b4 14. Nbd2 bxc3 15. bxc3 Qd7 16. a5 g6 17. Ba4 Qe8 18. d4 exd4 19. cxd4 Bd7 20. Bb3 Nh5 21. e5 dxe5 22. dxe5 Nf4 23. Qc2 Be6 24. Ba4 Bd7 25. Qc4 Ne6 26. Rd3 Ned8 27. Ne4 Qe6 28. Nf6+ Kg7 29. Qc3 Be8 30. Rc1 Nxe5 31. Nxe8+ Rxe8 32. Bxe8 f6 33. Nxe5 fxe5 34. Ba4 Rc8 35. Bb3 Qf6 36. Rf3 Qe7 37. Re1 1-0


[Site "https://www.chess.com"]

[Event "Late Titled Tuesday Blitz February 8 2022"]
[White "Oro, Luis"]
[Black "Gracia Alvarez, Gerardo Antonio"]
[WhiteFideId "104094"]
[BlackFideId "5109124"]
[WhiteElo "2299"]
[BlackElo "2139"]
[Result "0-1"]
[Round "07"]
[TimeControl "180+1"]
[Date "2022.02.09"]
[WhiteClock "0:00:03"]
[BlackClock "0:00:35"]

1. e4 d6 2. d4 Nf6 3. Nc3 e5 4. dxe5 dxe5 5. Qxd8+ Kxd8 6. Bg5 Be6 7. O-O-O+ Nd7 8. Nf3 Kc8 9. h3 c6 10. a3 h6 11. Bxf6 gxf6 12. Be2 Bc5 13. Rhf1 b5 14. Nh4 Rg8 15. g4 h5 16. gxh5 Bxh3 17. Rh1 Be6 18. Rdf1 Kc7 19. Nd1 Bf8 20. c3 Bh6+ 21. Kc2 Nc5 22. Bf3 Rad8 23. b4 Nd3 24. Ne3 Nxf2 25. Nef5 Rd2+ 26. Kb1 Nxh1 27. Nxh6 Rh8 28. Nxf7 Bxf7 29. Rxh1 Bxh5 30. Rf1 Bxf3 31. Nxf3 Re2 0-1


[Site "https://www.chess.com"]

[Event "Late Titled Tuesday Blitz February 8 2022"]
[White "Ortiz Verdezoto, Anahi"]
[Black "Sarkar, Justin"]
[WhiteFideId "3614581"]
[BlackFideId "2010011"]
[WhiteElo "1785"]
[BlackElo "2038"]
[Result "1-0"]
[Round "07"]
[TimeControl "180+1"]
[Date "2022.02.09"]
[WhiteClock "0:01:14"]
[BlackClock "0:00:01"]

1. d4 Nf6 2. c4 e6 3. Nc3 Bb4 4. e3 Nc6 5. Bd3 e5 6. d5 Ne7 7. Ne2 O-O 8. Ng3 Bxc3+ 9. bxc3 d6 10. O-O Nd7 11. Bc2 f5 12. f4 e4 13. Ba3 Nc5 14. Bxc5 dxc5 15. Bxe4 fxe4 16. Nxe4 Nf5 17. Qd3 Qe7 18. Rae1 Bd7 19. Ng5 h6 20. Nf3 Nd6 21. Ne5 Bf5 22. e4 Bh7 23. Qb1 Rae8 24. g3 g5 25. Re2 gxf4 26. gxf4 Rxf4 27. Rxf4 Qxe5 28. Qf1 Kh8 29. Rf8+ Bg8 30. Rxe8 Nxe8 31. Qf8 Nf6 32. Qxh6+ Bh7 33. Rg2 Ng8 34. Qh4 Qxc3 35. Qe7 1-0


[Site "https://www.chess.com"]

[Event "Late Titled Tuesday Blitz February 8 2022"]
[White "Osiecki, Stanislaw"]
[Black "Kostiukov, Alexandr"]
[WhiteFideId "1102990"]
[BlackFideId "14108100"]
[WhiteElo "2127"]
[BlackElo "2202"]
[Result "0-1"]
[Round "07"]
[TimeControl "180+1"]
[Date "2022.02.09"]
[WhiteClock "0:00:26"]
[BlackClock "0:00:12"]

1. e4 c5 2. c3 g6 3. d4 cxd4 4. cxd4 d5 5. e5 Bg7 6. h3 Nc6 7. Nf3 f6 8. exf6 Nxf6 9. Bd3 O-O 10. O-O Ne4 11. Nc3 Bf5 12. Qe2 Nxd4 13. Nxd4 Bxd4 14. Nxd5 Nxf2 15. Nxe7+ Qxe7 16. Qxe7 Bxd3 17. Bh6 Ng4+ 18. Kh1 Nxh6 19. Rxf8+ Rxf8 20. Qxb7 Nf5 21. Qb3+ Kg7 22. Qxd3 h5 23. Rc1 h4 24. Rc7+ Kf6 25. Qa6+ Kg5 26. g4 Ng3+ 27. Kg2 Rf2+ 28. Kg1 Rf7+ 29. Kg2 Rf2+ 30. Kg1 Rxb2# 0-1


[Site "https://www.chess.com"]

[Event "Late Titled Tuesday Blitz February 8 2022"]
[White "Paravyan, David"]
[Black "Daggupati, Balaji"]
[WhiteFideId "4194985"]
[BlackFideId "2090759"]
[WhiteElo "2569"]
[BlackElo "2738"]
[Result "1-0"]
[Round "07"]
[TimeControl "180+1"]
[Date "2022.02.08"]
[WhiteClock "0:00:06"]
[BlackClock "0:00:06"]

1. e4 c5 2. Nf3 e6 3. d4 cxd4 4. Nxd4 Nf6 5. Nc3 Nc6 6. Nxc6 bxc6 7. e5 Nd5 8. Ne4 Qc7 9. f4 Qb6 10. a3 Be7 11. Bd3 Ne3 12. Qf3 Nf5 13. Qf2 c5 14. O-O Bb7 15. Nd2 Nd4 16. Nc4 Qc7 17. Be3 h5 18. Kh1 h4 19. h3 Nf5 20. Bxf5 exf5 21. Rad1 O-O 22. Nd6 Bxd6 23. Rxd6 Be4 24. Rfd1 Rad8 25. Bxc5 Rfe8 26. Kh2 Qb7 27. b4 a5 28. R1d2 axb4 29. axb4 Bc6 30. Qxh4 Ra8 31. R6d3 Re6 32. Rg3 Qb5 33. Be7 Rg6 34. Rxg6 fxg6 35. Qf2 Ra1 36. Bg5 Qxb4 37. e6 dxe6 38. Rd8+ Kf7 39. Rc8 Bd7 40. Rc7 Qb5 41. Qd4 Qf1 42. Qxd7+ Kg8 43. Qxg7# 1-0


[Site "https://www.chess.com"]

[Event "Late Titled Tuesday Blitz February 8 2022"]
[White "Peatman, Carter"]
[Black "Ardila, Oscar Humberto"]
[WhiteFideId "2096480"]
[BlackFideId "4404742"]
[WhiteElo "2415"]
[BlackElo "1898"]
[Result "1-0"]
[Round "07"]
[TimeControl "180+1"]
[Date "2022.02.09"]
[WhiteClock "0:00:59"]
[BlackClock "0:00:17"]

1. d4 Nf6 2. Nf3 e6 3. Bf4 Be7 4. e3 O-O 5. h3 b6 6. Be2 Bb7 7. O-O d6 8. a4 a5 9. Bh2 Nbd7 10. c3 c5 11. Nbd2 cxd4 12. exd4 Rc8 13. Qb3 Bd5 14. Qd1 Ne4 15. Re1 Ndf6 16. Bd3 Nxd2 17. Nxd2 Qd7 18. Qe2 Bc6 19. Ba6 Bb7 20. Bd3 d5 21. Nf3 Bd6 22. Ne5 Qc7 23. Bf4 Nd7 24. Qh5 Nf6 25. Qh4 Qe7 26. Bg5 h6 27. Ng4 Rfd8 28. Bxf6 gxf6 29. Qxh6 1-0


[Site "https://www.chess.com"]

[Event "Late Titled Tuesday Blitz February 8 2022"]
[White "Pinheiro, Iung Alicio de O."]
[Black "Tan, Jun Ying"]
[WhiteFideId "2104350"]
[BlackFideId "5710413"]
[WhiteElo "2591"]
[BlackElo "1827"]
[Result "1-0"]
[Round "07"]
[TimeControl "180+1"]
[Date "2022.02.09"]
[WhiteClock "0:00:12"]
[BlackClock "0:00:02"]

1. e4 c5 2. Nf3 Nc6 3. c3 Nf6 4. e5 Nd5 5. Bc4 e6 6. Qe2 Nb6 7. Bb3 d6 8. d4 cxd4 9. cxd4 dxe5 10. dxe5 Bb4+ 11. Nbd2 O-O 12. O-O Nd4 13. Nxd4 Qxd4 14. Nf3 Qg4 15. h3 Qh5 16. Kh2 Bd7 17. g4 Qg6 18. Nh4 Bb5 19. Qxb5 Qe4 20. f3 Qd4 21. Ng2 Nd5 22. Qe2 Rad8 23. Rd1 Qc5 24. Bxd5 exd5 25. Bg5 Rd7 26. Rac1 Qa5 27. a3 Be7 28. Bxe7 Rxe7 29. Nf4 d4 30. Nd3 f6 31. Rc5 Qb6 32. Rdc1 fxe5 33. Rxe5 Qd6 34. Kg2 Ref7 35. f4 Qb6 36. Kg3 Qb3 37. Re8 Rxf4 38. Rcc8 Rf7 39. Rxf8+ Rxf8 40. Rxf8+ Kxf8 41. Qf3+ Kg8 42. Ne5 Qe6 43. Qf5 Qe8 44. Kf4 h6 45. Ke4 Qb5 46. Qf7+ Kh7 47. Qg6+ Kg8 48. Qe6+ Kh7 49. Qf5+ Kg8 50. Ng6 Qe2+ 51. Kxd4 Qxb2+ 52. Kd5 Qb3+ 53. Ke5 Qe3+ 54. Qe4 Qc3+ 55. Ke6 Qf6+ 56. Kd5 Qd8+ 57. Kc4 Qc7+ 58. Kb3 Qb6+ 59. Kc2 Qc5+ 60. Kd3 Qxa3+ 61. Ke2 Qb2+ 62. Kf3 Qf6+ 63. Kg2 Qb2+ 64. Kg3 Qc3+ 65. Kh4 Qf6+ 66. Kg3 Qc3+ 67. Kg2 Qb2+ 68. Kf1 Qa1+ 69. Ke2 Qb2+ 70. Kd1 Qa1+ 71. Kd2 Qb2+ 72. Qc2 Qd4+ 73. Kc1 Qa1+ 74. Kd2 Qd4+ 75. Ke2 b5 76. Qc8+ Kh7 77. Nf8+ Kg8 78. Ne6+ 1-0


[Site "https://www.chess.com"]

[Event "Late Titled Tuesday Blitz February 8 2022"]
[White "Plotkin, Mark"]
[Black "Yoo, Christopher Woojin"]
[WhiteFideId "2611651"]
[BlackFideId "30909694"]
[WhiteElo "2178"]
[BlackElo "2105"]
[Result "1-0"]
[Round "07"]
[TimeControl "180+1"]
[Date "2022.02.08"]
[WhiteClock "0:00:14"]
[BlackClock "0:00:03"]

1. e4 e5 2. Nf3 Nc6 3. c3 d5 4. exd5 Qxd5 5. d4 Nf6 6. Be3 Ng4 7. Nbd2 exd4 8. Bc4 Nxe3 9. fxe3 Qd6 10. exd4 Be7 11. O-O O-O 12. Ne4 Qg6 13. Qe2 Bf5 14. Rae1 Rae8 15. Ng3 Bd7 16. Qf2 Bf6 17. Bb3 Na5 18. Bc2 Qh6 19. b3 b5 20. Bf5 Bxf5 21. Nxf5 Qg6 22. Ne5 Bxe5 23. dxe5 Nc6 24. Qc5 Re6 25. Re3 Qh5 26. Rg3 g6 27. Nd4 Nxd4 28. cxd4 c6 29. Rgf3 Qg5 30. Qxa7 Qe7 31. Qb6 h5 32. a4 bxa4 33. bxa4 c5 34. Qxc5 Qxc5 35. dxc5 Rxe5 36. Rc3 Rc8 37. c6 Ra5 38. Rc4 Kf8 39. Re1 Ra6 40. c7 Ra7 41. Rec1 Ke7 42. Kf2 Kd6 43. Kf3 g5 44. Ke4 Ra5 45. Rd4+ Ke7 46. Rdc4 f5+ 47. Kd4 g4 48. Ke3 h4 49. Kf4 Kd7 50. Kg5 h3 51. g3 Rd5 52. Kf4 Rd2 53. R1c2 Rd5 54. Rc5 Rd4+ 55. Kxf5 Rxa4 56. Rd2+ Ke7 57. Re5+ Kf7 58. Rd7+ 1-0


[Site "https://www.chess.com"]

[Event "Late Titled Tuesday Blitz February 8 2022"]
[White "Prieto Aranguren, Alain"]
[Black "Krstulovic, Alex"]
[WhiteFideId "2268906"]
[BlackFideId "760056"]
[WhiteElo "2235"]
[BlackElo "2193"]
[Result "0-1"]
[Round "07"]
[TimeControl "180+1"]
[Date "2022.02.09"]
[WhiteClock "0:00:05"]
[BlackClock "0:00:04"]

1. d4 Nf6 2. c4 e6 3. Nc3 Bb4 4. e3 O-O 5. Bd3 d5 6. Nf3 c5 7. O-O cxd4 8. exd4 dxc4 9. Bxc4 b6 10. Bg5 Bb7 11. Ne5 Nbd7 12. Nxd7 Qxd7 13. Bxf6 gxf6 14. d5 Bxc3 15. Qg4+ Kh8 16. bxc3 Rg8 17. Qh4 Rg6 18. Rad1 Rag8 19. g3 Qc7 20. Bd3 f5 21. c4 Qe5 22. Rfe1 Qc3 23. Qe7 Bc8 24. Qxf7 exd5 25. cxd5 R6g7 26. Qh5 Bd7 27. Bxf5 Ba4 28. Rc1 Qd4 29. Qf3 Qf6 30. Be4 Qg5 31. d6 Bd7 32. Bd5 Bg4 33. Qe3 Qxd5 34. d7 Qxd7 35. f3 Bf5 36. g4 Bg6 37. h4 Bf5 38. h5 Bxg4 39. fxg4 Rxg4+ 40. Kf2 Rg2+ 41. Kf1 Qf5+ 0-1


[Site "https://www.chess.com"]

[Event "Late Titled Tuesday Blitz February 8 2022"]
[White "Prohorov, Olexandr"]
[Black "Degardin, Sylvain"]
[WhiteFideId "14105578"]
[BlackFideId "20623070"]
[WhiteElo "1993"]
[BlackElo "2156"]
[Result "1-0"]
[Round "07"]
[TimeControl "180+1"]
[Date "2022.02.09"]
[WhiteClock "0:01:23"]
[BlackClock "0:00:37"]

1. e4 e6 2. Qe2 Be7 3. g3 d5 4. Bg2 Nf6 5. e5 Nfd7 6. f4 c5 7. Nf3 Nc6 8. O-O b6 9. c3 a5 10. d3 Ba6 11. a4 h6 12. Na3 Qb8 13. Nb5 Na7 14. c4 Nxb5 15. axb5 Bb7 16. Nd2 dxc4 17. dxc4 Bxg2 18. Qxg2 O-O 19. Ne4 f5 20. exf6 Nxf6 21. Bd2 Rd8 22. Bc3 Qc7 23. Rfe1 Ng4 24. h3 Nf6 25. Be5 Qd7 26. Re2 Qd3 27. Nxf6+ gxf6 28. Bc7 Rd7 29. Rxe6 Rf8 30. Bxb6 Qxc4 31. Rae1 Qxb5 32. Rxe7 Rxe7 33. Rxe7 Qxb6 34. Qd5+ Kh8 35. Qd7 c4+ 36. Kf1 1-0


[Site "https://www.chess.com"]

[Event "Late Titled Tuesday Blitz February 8 2022"]
[White "Przybylski, Wojciech"]
[Black "Gurevich, Dmitry"]
[WhiteFideId "1117599"]
[BlackFideId "2000407"]
[WhiteElo "2133"]
[BlackElo "2506"]
[Result "0-1"]
[Round "07"]
[TimeControl "180+1"]
[Date "2022.02.09"]
[WhiteClock "0:00:02"]
[BlackClock "0:00:01"]

1. e4 c5 2. Nf3 d6 3. Bb5+ Bd7 4. c4 Nc6 5. O-O Nf6 6. Nc3 g6 7. h3 Bg7 8. d3 O-O 9. Be3 a6 10. Ba4 Rb8 11. a3 Ne8 12. d4 cxd4 13. Nxd4 b5 14. cxb5 Nxd4 15. Bxd4 axb5 16. Bb3 b4 17. Bxg7 Nxg7 18. Nd5 bxa3 19. bxa3 Ne6 20. f4 Nc5 21. Bc2 e6 22. Ne3 Bc6 23. e5 dxe5 24. fxe5 Qg5 25. Ng4 h5 26. Nf6+ Kg7 27. Qe2 Rb2 28. Rfb1 Rxb1+ 29. Rxb1 Rd8 30. Rd1 Rxd1+ 31. Bxd1 h4 32. Ng4 Qf4 33. Qf2 Qxf2+ 34. Kxf2 Be4 35. Bf3 Bf5 36. Ke3 Kf8 37. Kd4 Na4 38. Bd1 Nb6 39. Ne3 Ke7 40. a4 Kd7 41. a5 Nc8 42. Bf3 Kc7 43. Kc5 Bd3 44. Nd1 Ba6 45. Nc3 Na7 46. Ne4 Nc6 0-1


[Site "https://www.chess.com"]

[Event "Late Titled Tuesday Blitz February 8 2022"]
[White "Pulvett Marin, Daniel Eduardo"]
[Black "Timofeev, Artyom"]
[WhiteFideId "3900410"]
[BlackFideId "4140419"]
[WhiteElo "2413"]
[BlackElo "2583"]
[Result "0-1"]
[Round "07"]
[TimeControl "180+1"]
[Date "2022.02.08"]
[WhiteClock "0:00:10"]
[BlackClock "0:00:21"]

1. d4 d5 2. c4 e6 3. Nc3 c6 4. e4 dxe4 5. Nxe4 Bb4+ 6. Bd2 Qxd4 7. Bxb4 Qxe4+ 8. Ne2 Na6 9. Bf8 Ne7 10. Bxg7 Rg8 11. Bf6 Qf5 12. Bc3 Qe4 13. Bf6 Rg6 14. Bxe7 Kxe7 15. Qd4 Qxd4 16. Nxd4 e5 17. Nc2 Nc5 18. O-O-O Be6 19. Ne3 a5 20. Bd3 Rf6 21. f3 h5 22. h4 Rg8 23. Bc2 Rf4 24. b3 Rd4 25. Rde1 Kf6 26. Reg1 e4 27. fxe4 Nxe4 28. Rd1 Rxd1+ 29. Rxd1 Nc3 30. Rf1+ Ke5 31. Kd2 Ne4+ 32. Kc1 Rg3 33. Re1 f5 34. a3 Kf4 35. Bxe4 Rxe3 36. Rxe3 Kxe3 37. Bf3 Bf7 38. Kb2 Kf2 39. Kc3 Kg3 40. b4 axb4+ 41. axb4 Kxh4 42. c5 Kg3 43. b5 Be8 44. b6 h4 45. Be2 Bd7 46. Ba6 Bc8 0-1


[Site "https://www.chess.com"]

[Event "Late Titled Tuesday Blitz February 8 2022"]
[White "Punin, Andrii"]
[Black "Martirosyan, Haik M."]
[WhiteFideId "14112639"]
[BlackFideId "13306553"]
[WhiteElo "2357"]
[BlackElo "2735"]
[Result "0-1"]
[Round "07"]
[TimeControl "180+1"]
[Date "2022.02.08"]
[WhiteClock "0:00:11"]
[BlackClock "0:00:13"]

1. e4 e5 2. Nf3 Nc6 3. Bc4 Bc5 4. c3 Nf6 5. d4 exd4 6. cxd4 Bb4+ 7. Bd2 Bxd2+ 8. Nbxd2 d5 9. exd5 Nxd5 10. Qb3 Na5 11. Qa4+ Nc6 12. Qb3 Nce7 13. O-O O-O 14. Rfe1 c6 15. Ne4 a5 16. h3 a4 17. Qa3 Ng6 18. Bxd5 Qxd5 19. Nc3 Qh5 20. Ne5 Nf4 21. Ne4 f6 22. Nc4 Be6 23. Ncd6 Bd5 24. Qg3 Ne2+ 25. Rxe2 Qxe2 26. Nf5 g6 27. Nc3 Qe6 28. Nh6+ Kg7 29. Ng4 h5 30. Ne3 Qd7 31. a3 Be6 32. Rd1 Ra5 33. Rd2 Rg5 34. Qf4 Bxh3 35. Ne4 Rg4 36. Nxg4 Bxg4 37. Nc5 Qf7 38. f3 Bf5 39. Re2 Rd8 40. Kh1 b6 41. Ne4 Rxd4 42. Qe3 c5 43. Ng3 Bd3 44. Re1 Qd7 45. Qf2 h4 46. Nf1 Bxf1 47. Qxf1 Rd2 48. Re2 Rd1 49. Re1 Rd2 50. Re2 Qd3 51. Re7+ Kf8 52. Qxd3 Rxd3 53. Re2 b5 54. Kh2 g5 55. Kh3 Kf7 56. Rc2 c4 57. Re2 Rd5 58. Kh2 Re5 59. Rd2 Ke6 60. Kg1 Rd5 61. Re2+ Re5 62. Rd2 Rd5 63. Re2+ Kd6 64. Kf2 Rd3 65. Ke1 Kd5 66. Rc2 Rb3 67. Kd1 Ke5 68. Kc1 Kf5 69. Re2 c3 70. bxc3 Rxc3+ 71. Kb2 Rb3+ 72. Ka2 Kf4 73. Re6 f5 74. Rf6 Re3 75. Rb6 Re2+ 76. Kb1 Rxg2 77. Rxb5 h3 78. Rb4+ Kxf3 79. Rxa4 h2 80. Rc4 h1=Q+ 81. Rc1 Qg1 82. Rxg1 Rxg1+ 83. Kb2 Rh1 84. a4 Rh8 85. Kc3 Ra8 86. Kb4 g4 87. Kb5 g3 88. a5 g2 89. a6 g1=Q 90. a7 Qxa7 91. Kc6 Rb8 92. Kd6 Qb7 93. Ke6 Rc8 94. Kf6 Qc7 95. Kg5 Rd8 96. Kh5 Qd7 97. Kh6 Re8 98. Kg6 Qe7 99. Kh6 Rg8 100. Kh5 Qg7 101. Kh4 Ke4 102. Kh3 f4 103. Kh2 f3 104. Kh3 f2 105. Kh4 Qg6 106. Kh3 f1=Q+ 107. Kh4 Qh6# 0-1


[Site "https://www.chess.com"]